 Dungeon Crawl Stone Soup version 0.27.1-33-g824d729ab1 (webtiles) character file.

Game seed: 7368866065901318031

158 H0rd4k the Charlatan (level 5, 0/39 HPs)
             Began as a Human Artificer on Dec 20, 2021.
             Slain by a bullfrog skeleton (4 damage)
             ... on level 4 of the Dungeon.
             The game lasted 00:04:07 (4282 turns).

H0rd4k the Charlatan (Human Artificer)              Turns: 4282, Time: 00:04:08

Health: 0/39       AC:  3    Str: 13    XL:     5   Next: 67%
Magic:  5/5        EV: 12    Int: 11    God:
Gold:   157        SH:  0    Dex: 14    Spells: 4/4 levels left

rFire    . . .     SeeInvis .   j - +0 dagger
rCold    . . .     Faith    .   (no shield)
rNeg     . . .     Spirit   .   b - +0 leather armour
rPois    .         Reflect  .   (no helmet)
rElec    .         Harm     .   (no cloak)
rCorr    .         Rampage  .   (no gloves)
Will     .....                  (no boots)
Stlth    +.........             (no amulet)
HPRegen  0.13/turn              (no ring)
MPRegen  0.09/turn              (no ring)

@: no status effects
A: no striking features
a: no special abilities


You were on level 4 of the Dungeon.
You visited 1 branch of the dungeon, and saw 4 of its levels.

You collected 157 gold pieces.

Inventory:

Hand Weapons
 a - a +0 club
 j - a +0 dagger (weapon)
Missiles
 f - 31 poisoned darts (quivered)
 h - 5 silver javelins
 q - a throwing net
Armour
 b - a +0 leather armour (worn)
Magical Staves
 n - a staff of cold
Wands
 d - a wand of charming (5)
 u - a wand of polymorph (4)
Scrolls
 c - a scroll of fog {unknown}
 i - a scroll of acquirement {unknown}
 k - a scroll of blinking {unknown}
 l - a scroll of vulnerability {unknown}
 o - a scroll of enchant weapon {unknown}
 r - a scroll of noise {unknown}
 s - a scroll of teleportation {unknown}
 t - a scroll of identify {unknown}
Potions
 g - a potion of heal wounds {unknown}
 m - 2 potions of haste {unknown}
 p - a potion of attraction {unknown}
 v - a potion of berserk rage {unknown}
Miscellaneous
 e - a piece from Xom's chessboard (12/15)


   Skills:
 + Level 2.3 Fighting
 + Level 0.8 Short Blades
 - Level 2.0 Armour
 + Level 2.5 Dodging
 - Level 1.0 Stealth
 + Level 4.6 Evocations


You had 4 spell levels left.
You didn't know any spells.
Your spell library contained the following spells:

 Spells                   Type           Power      Damage    Failure   Level
 Apportation              Tloc           0%         N/A       41%         1
 Freeze                   Ice            0%         1d3       41%         1
 Corpse Rot               Necr/Air       N/A        N/A       56%         2
 Poisonous Vapours        Pois/Air       0%         N/A       56%         2
 Frozen Ramparts          Ice            0%         1d2       80%         3
 Hailstorm                Conj/Ice       0%         3d3       99%         4
 Ice Form                 Ice/Tmut       0%         N/A       99%         4
 Summon Ice Beast         Ice/Summ       0%         N/A       99%         4
 Alistair's Intoxication  Tmut/Pois      0%         N/A       100%        5
 Freezing Cloud           Conj/Ice/Air   0%         6-21      100%        5
 Invisibility             Hex            0%         N/A       100%        6


Dungeon Overview and Level Annotations

Branches:
Dungeon (4/15)
 Temple: D:4-7

Altars:


Message History

Aiming: Polymorph
Press: ? - help, Shift-Dir - straight line, f - you
Okay, then.
The centaur shouts!
The centaur wields a +0 shortbow.
The centaur shoots an arrow.
The arrow completely misses you.
The centaur shoots an arrow.
The arrow hits you!
The centaur shoots an arrow.
The arrow hits you!
A bullfrog skeleton comes into view.
The centaur unwields a +0 shortbow.
The centaur hits you.
The centaur kicks you but does no damage.
The centaur hits you. The centaur kicks you.
The bullfrog skeleton moves out of view.
You hit the centaur.
The centaur is lightly wounded.
The centaur misses you. The centaur kicks you.
You hit the centaur but do no damage.
The centaur is lightly wounded.
The centaur misses you. x2
You barely miss the centaur.
The centaur is lightly wounded.
The centaur hits you.
* * * LOW HITPOINT WARNING * * *
The centaur kicks you but does no damage.
The centaur hits you.
* * * LOW HITPOINT WARNING * * *
The centaur kicks you but does no damage.
Okay, then.
You make a move on Xom's chessboard...
The centaur is outlined in light.
The centaur hits you.
* * * LOW HITPOINT WARNING * * *
The centaur kicks you but does no damage.
Unknown command.
Aiming: Charm
Press: ? - help, Shift-Dir - straight line, f - centaur
Aim: a centaur, quivering arrows (lightly wounded, softly glowing, chance to affect: 60%)
The centaur is charmed.
Unknown command.
The bullfrog skeleton hits you.
You die...

#..... #.# #.#
........##.######>#
#..8.?8....≈≈≈≈≈≈≈###
#..8..8.≈≈≈≈≈≈≈≈≈≈≈≈≈ .
#..≈..≈≈≈≈≈≈≈≈≈≈≈≈≈≈≈
..##≈≈≈..≈≈≈≈≈≈≈≈≈≈≈≈≈≈≈
.≈≈≈≈≈≈..≈≈≈≈≈≈≈###≈≈≈≈≈
≈≈≈≈≈≈≈..≈≈≈≈.........≈≈
≈≈≈≈≈≈c@.≈..#.#######.##
≈≈≈≈≈≈8Z.8..#.# #.#
≈≈≈...8..8..#.# #.#
............#.# #.#
.#.###......#.# #.#
............#.# #.# .
####(####.#.# ##.## ...
..#.# #.... ### .### ###
#..#.


You could see a bullfrog skeleton and a friendly centaur (charmed, corona).

Vanquished Creatures
  A gnoll (D:1)
  4 adders
  2 worms
  2 dart slugs (D:1)
  4 orcs
  6 bats
  5 endoplasms
  5 giant cockroaches
  6 goblins
  5 hobgoblins
  2 quokkas
  10 ball pythons
  7 frilled lizards
  4 kobolds
  4 rats
67 creatures vanquished.

Vanquished Creatures (collateral kills)
  2 orcs (D:3)
  A bat (D:2)
  A goblin (D:2)
  2 hobgoblins
  2 kobolds
8 creatures vanquished.

Vanquished Creatures (others)
  A hound (D:3)
  An orc priest (D:3)
  An orc wizard (D:2)
  An orc (D:3)
4 creatures vanquished.

Grand Total: 79 creatures vanquished

Notes
Turn   | Place    | Note
-------+----------+-------------------------------------------
     0 | D:1      | H0rd4k the Human Artificer began the quest for the Orb.
     0 | D:1      | Reached XP level 1. HP: 15/15 MP: 1/1
   361 | D:1      | Reached XP level 2. HP: 18/21 MP: 2/2
   845 | D:1      | Reached XP level 3. HP: 13/26 MP: 3/3
  1210 | D:1      | Found a faded altar of an unknown god.
  1214 | D:1      | Reached skill level 4 in Evocations
  1705 | D:2      | Reached XP level 4. HP: 28/32 MP: 4/4
  3338 | D:3      | Reached XP level 5. HP: 22/38 MP: 5/5
  4271 | D:4      | Noticed a centaur
  4282 | D:4      | Slain by a bullfrog skeleton

Illustrated notes

Levels and vault maps discovered:
D:1:      dpeg_arrival_three_smaller_balls, layout_rooms,
          hellmonk_ecumenical_altar_blasted, minmay_tetromino_o4
D:2:      layout_basic
D:3:      layout_rooms, guppyfry_early_orc_mine
D:4:      wander_river, layout_basic, lemuel_temple_firewalk_b, serial_rivers,
          chequers_serial_rivers_micro_a, chequers_serial_rivers_micro_d,
          chequers_serial_rivers_micro_b, chequers_serial_rivers_micro_d

Skill      XL: |  1  2  3  4  5 |
---------------+----------------+-----
Evocations     | 4 |  4.6
Fighting       | 2 |  2.3
Dodging        | 2 |  2.5
Short Blades   | |  0.8
Armour         | |  2.0
Stealth        | |  1.0

Action                   |  1- 3 |  4- 6 || total
-------------------------+-------+-------++-------
Melee: Club              |   113 |       ||   113
       Dagger            |       |   198 ||   198
Throw: Dart              |       |     3 ||     3
Evoke: Wand              |     5 |    20 ||    25
       Piece from Xom's  |       |     3 ||     3
 Stab: Distracted        |       |     1 ||     1
       Paralysed         |       |     1 ||     1
       Sleeping          |       |     1 ||     1
Armor: Leather armour    |    38 |    70 ||   108
Dodge: Dodged            |    74 |   128 ||   202
